 Dungeon Crawl Stone Soup version 0.24.0-37-gcf1ca852f1 (webtiles) character file.

Game seed: 18047031604933627790, levelgen mode: deterministic

100 Cryoshakespeare the Carver (level 4, 0/29 HPs)
             Began as a Vampire Skald on Nov 23, 2019.
             Slain by a goblin (2 damage)
             ... led by Robin
             ... on level 1 of the Dungeon.
             The game lasted 00:04:16 (1170 turns).

Cryoshakespeare the Carver (Vampire Skald)          Turns: 1170, Time: 00:04:16

Health: 0/29       AC:  3    Str: 11    XL:     4   Next: 47%
Magic:  7/7        EV: 12    Int: 15    God:
Gold:   96         SH:  0    Dex: 13    Spells: 4/7 levels left

rFire    + . .     SeeInvis +   m - +0 long sword
rCold    . . .     Gourm    .   (no shield)
rNeg     . . .     Faith    .   b - +0 leather armour
rPois    .         Spirit   .   (no helmet)
rElec    .         Reflect  .   l - scarf {repulsion}
rCorr    .         Harm     .   (no gloves)
MR       .....                  (no boots)
Stlth    +.........             (no amulet)
HPRegen  0.29/turn              (no ring)
MPRegen  0.10/turn              (no ring)

@: flying, regenerating quickly, repel missiles
A: no food, fangs 3, see invisible, blink, fire resistance 1, frail 1,
unbreathing, no potion heal 1
a: Exsanguinate, Blink


You were on level 1 of the Dungeon.
You were alive.

You visited 1 branch of the dungeon, and saw 2 of its levels.

You collected 96 gold pieces.

Inventory:

Hand Weapons
 a - a +0 falchion
 m - a +0 long sword (weapon)
Armour
 b - a +0 leather armour (worn)
 i - a +0 chain mail
 k - a cursed +0 plate armour
 l - a scarf of repulsion (worn)
Scrolls
 c - 2 scrolls of teleportation {unknown}
 f - 2 scrolls of identify {unknown}
 j - a scroll of blinking {unknown}
 n - a scroll of amnesia {unknown}


   Skills:
 + Level 2.2 Fighting
 + Level 10.6 Long Blades
 + Level 1.4 Armour
 + Level 2.7 Dodging
 - Level 2.0 Spellcasting
 + Level 3.6 Charms


You had 4 spell levels left.
You knew the following spells:

 Your Spells              Type           Power        Failure   Level  Hunger
a - Infusion              Chrm           ##..         6%          1    N/A
b - Song of Slaying       Chrm           ##......     10%         2    N/A

Your spell library contained the following spells:

 Spells                   Type           Power        Failure   Level  Hunger
 Shroud of Golubria       Chrm/Tloc      #.....       21%         2    N/A
 Regeneration             Chrm/Necr      #.........   38%         3    N/A
 Spectral Weapon          Hex/Chrm       #.......     38%         3    N/A

Dungeon Overview and Level Annotations

Branches:
Dungeon (2/15)

Altars:

Annotations:
D:2 Robin


Innate Abilities, Weirdness & Mutations

You do not eat.
Your natural rate of healing is unusually fast.
You have razor-sharp teeth.
You have supernaturally acute eyesight. (SInv)
You can survive without breathing.
You can translocate small distances at will.
Your flesh is heat resistant. (rF+)
You are frail. (-10% HP)
Potions are less effective at restoring your health.


Message History

* * * LOW HITPOINT WARNING * * *
The goblin misses you.
There is a stone staircase leading up, spattered with blood here.
The adder closely misses you. The goblin hits you.
* * * LOW HITPOINT WARNING * * *
The adder bites you.
* * * LOW HITPOINT WARNING * * *
The goblin hits you.
* * * LOW HITPOINT WARNING * * *
You fly upwards.
The goblin enters a dispersal trap!
The adder blinks! x2
You blink.
The goblin blinks!
Unknown command.
Unknown command.
Unknown command.
Unknown command.
Unknown command.
Unknown command.
Unknown command.
The goblin hits you.
You die...

#.#................#
#.#................#
#####'#...........[....#
#....)..................
#.......##########......
#................'...(..
##################......
############......#.#+###
#§)S..gg@..............b.
#>...÷..g................
##########.########.#.###
#............#...#
#####.#.########.#.#.#
#...#.#.########.#....
#...#.#.#..........###
#...#.#.#.##.##.......
#...#.#...##.##.......


You could see an adder and 3 goblins.

Vanquished Creatures
  A dart slug (D:2)
  A leopard gecko (D:1)
  A giant cockroach (D:2)
  9 goblins
  7 hobgoblins
  A quokka (D:2)
  3 bats (D:1)
  3 kobolds (D:1)
  21 rats
47 creatures vanquished.

Notes
Turn   | Place    | Note
-------+----------+-------------------------------------------
     0 | D:1      | Cryoshakespeare the Vampire Skald began the quest for the
                  | Orb.
     0 | D:1      | Reached XP level 1. HP: 16/16 MP: 3/3
   298 | D:1      | Reached skill level 1 in Armour
   400 | D:1      | Reached XP level 2. HP: 22/22 MP: 0/5
   983 | D:2      | Reached XP level 3. HP: 27/27 MP: 6/6
  1093 | D:2      | Identified the cursed +0 helmet "Vadutaps" {Int+2 Dex+3}
  1093 | D:2      | Noticed Robin
  1133 | D:1      | Learned a level 2 spell: Song of Slaying
  1145 | D:2      | HP: 1/27 [hobgoblin[Robin] (7)]
  1152 | D:2      | Gained mutation: Potions are less effective at restoring
                  | your health. [potion of mutation]
  1152 | D:2      | Gained mutation: You can translocate small distances at
                  | will. [potion of mutation]
  1152 | D:2      | Gained mutation: You are frail. (-10% HP) [potion of
                  | mutation]
  1152 | D:2      | Gained mutation: Your flesh is heat resistant. (rF+)
                  | [potion of mutation]
  1153 | D:2      | Reached skill level 10 in Long Blades
  1153 | D:2      | Reached XP level 4. HP: 9/29 MP: 7/7
  1168 | D:2      | HP: 1/29 [goblin[Robin] (1)]
  1170 | D:1      | Slain by a goblin

Levels and vault maps discovered:
D:1:      evilmike_arrival_hilbert_curve, layout_basic, kennysheep_nondescript,
          serial_bayou_pond_d
D:2:      minmay_diamond_boxcup, layout_basic, first_ration, minmay_rat_hole,
          uniq_robin

Skill      XL: |  1  2  3 |
---------------+----------+-----
Armour         | 1 |  1.4
Fighting       | 2 |  2.2
Long Blades    | 10 | 10.6
Dodging        | |  2.7
Spellcasting   | |  2.0
Charms         | |  3.6

Action                   |  1- 3 |  4- 6 || total
-------------------------+-------+-------++-------
Melee: Falchion          |    62 |       ||    62
       Bite              |    15 |       ||    15
       Long sword        |    60 |     4 ||    64
 Cast: Infusion          |     6 |       ||     6
       Song of Slaying   |     1 |       ||     1
  Use: Potion            |     5 |       ||     5
Armor: Leather armour    |    27 |     6 ||    33
       Chain mail        |    40 |       ||    40
Dodge: Dodged            |    84 |     8 ||    92
       Rpst.: Falchion   |    11 |       ||    11
       Long sword        |    16 |     3 ||    19
